 Dungeon Crawl Stone Soup version 0.26-a0-651-gb41185065b (webtiles) character file.

Game seed: 17150250773212311914

187 Flugslaktarn the Covered (level 5, -1/50 HPs)
             Began as a Deep Dwarf Fighter on Oct 14, 2020.
             Slain by an iron imp (4 damage)
             ... summoned by Natasha
             ... on level 3 of the Dungeon.
             The game lasted 00:00:44 (714 turns).

Flugslaktarn the Covered (Deep Dwarf Fighter)        Turns: 714, Time: 00:00:45

Health: -1/50      AC:  7    Str: 20    XL:     5   Next: 39%
Magic:  4/4        EV:  7    Int:  8    God:
Gold:   40         SH:  9    Dex: 13    Spells: 4/4 levels left

rFire    . . .     SeeInvis .   a - +0 war axe
rCold    . . .     Faith    .   c - +0 kite shield
rNeg     . . .     Spirit   .   b - +0 scale mail
rPois    .         Reflect  .   n - +0 hat {MR+}
rElec    .         Harm     .   (no cloak)
rCorr    .         Rampage  .   (no gloves)
MR       +....                  (no boots)
Stlth    ..........             (no amulet)
HPRegen  0.00/turn              (no ring)
MPRegen  0.09/turn              (no ring)

@: lethally poisoned (-1 -> -1), non-regenerating
A: damage resistance, heal wounds, sense surroundings 1, no regeneration
a: Heal Wounds


You were on level 3 of the Dungeon.
You visited 1 branch of the dungeon, and saw 3 of its levels.

You collected 40 gold pieces.

Inventory:

Hand Weapons
 a - a +0 war axe (weapon)
Armour
 b - a +0 scale mail (worn)
 c - a +0 kite shield (worn)
 n - a +0 hat of magic resistance (worn)
   (You found it on level 1 of the Dungeon)
Jewellery
 e - an uncursed amulet of faith {unknown}
   (You found it on level 1 of the Dungeon)
 g - an uncursed amulet of regeneration {unknown}
   (You found it on level 1 of the Dungeon)
 j - an uncursed ring of fire {unknown}
   (You found it on level 2 of the Dungeon)
 l - a +4 ring of protection {unknown}
   (You found it on level 2 of the Dungeon)
 m - an uncursed amulet of magic regeneration {unknown}
   (You found it on level 1 of the Dungeon)
 o - an uncursed amulet of regeneration {unknown}
   (You found it on level 2 of the Dungeon)
Scrolls
 f - a scroll of teleportation {unknown}
 k - a scroll of remove curse {unknown}
Potions
 d - a potion of might
 h - a potion of heal wounds {unknown}
 i - a potion of degeneration {unknown}
 p - 2 potions of lignification {unknown}


   Skills:
 * Level 3.9 Fighting
 * Level 4.1 Axes
 + Level 4.1 Armour
 + Level 3.9 Shields


You had 4 spell levels left.
You didn't know any spells.
Your spell library was empty.

Dungeon Overview and Level Annotations

Branches:
Dungeon (3/15)

Altars:

Annotations:
D:3 Natasha, Robin


Innate Abilities, Weirdness & Mutations

You are resistant to damage.
You can heal yourself by infusing magical energy.
You passively map a small area around you.
You do not regenerate.


Message History

The puff of frost hits you.
* * * LOW HITPOINT WARNING * * *
The hobgoblin hits you.
* * * LOW HITPOINT WARNING * * *
You block the iron imp's attack.
The jackal bites you but does no damage.
You block the gnoll's attack.
You hit the white imp but do no damage. You hit the hobgoblin but do no damage.
You hit the iron imp. You hit the kobold.
You kill the kobold!
You slash the jackal!
You kill the jackal!
You hit Natasha but do no damage. You block Robin's attack. Natasha claws you.
* * * LOW HITPOINT WARNING * * *
The hobgoblin hits you.
* * * LOW HITPOINT WARNING * * *
The white imp hits you. The white imp freezes you.
* * * LOW HITPOINT WARNING * * *
The gnoll hits you but does no damage. The iron imp hits you.
You die...

* ,, .# #........ ..
.##........ ....
........... ...
.......... *
###.###..?.!....,
.......(g.g.....
*#...#g5(......
####(...)@)§.$... *
#.......)5h###.=. * ,
.......(##.##..# * ,
.###.#........##,
#.#..†)......
#.#...)......
#.#<..†......,
###########.#......>.##
....#.....#..........#
* ,


You could see an iron imp (summoned), Robin, Natasha, a gnoll, a white imp
(summoned) and a hobgoblin (strong).

Vanquished Creatures
  Natasha (twice) (D:3)
  6 gnolls
  An adder (D:2)
  An ooze (D:1)
  2 worms (D:2)
  2 leopard geckos (D:3)
  4 bats
  2 giant cockroaches
  8 hobgoblins
  4 jackals (D:3)
  3 quokkas
  A ball python (D:1)
  5 frilled lizards
  11 goblins
  3 kobolds
  4 rats
59 creatures vanquished.

Notes
Turn   | Place    | Note
-------+----------+-------------------------------------------
     0 | D:1      | Flugslaktarn the Deep Dwarf Fighter began the quest for the
                  | Orb.
     0 | D:1      | Reached XP level 1. HP: 20/20 MP: 1/1
   108 | D:1      | Reached XP level 2. HP: 24/27 MP: 2/2
   184 | D:1      | You fall into a shaft and drop 1 floor!
   223 | D:2      | Reached XP level 3. HP: 30/34 MP: 3/3
   339 | D:2      | Reached XP level 4. HP: 20/42 MP: 4/4
   619 | D:3      | Noticed Natasha
   635 | D:3      | Killed Natasha
   677 | D:3      | Noticed Natasha
   685 | D:3      | Killed Natasha
   685 | D:3      | Reached XP level 5. HP: 41/50 MP: 5/5
   692 | D:3      | Noticed Robin
   693 | D:3      | Noticed Natasha
   714 | D:3      | Slain by an iron imp

Illustrated notes

Levels and vault maps discovered:
D:1:      dpeg_arrival_three_same_balls, layout_basic, minmay_crystal_water
D:2:      layout_basic, nicolae_overflow_hidden_temple,
          nemelex_lonely_heart_becter
D:3:      layout_rooms, minivault_19, uniq_robin, uniq_crazy_yiuf_cottage,
          uniq_natasha, uniq_jessica

Skill      XL: |  1  2  3  4  5 |
---------------+----------------+-----
Fighting       | 3 |  3.9
Axes           | 3 4 |  4.1
Armour         | 4 |  4.1
Shields        | |  3.9

Action                   |  1- 3 |  4- 6 || total
-------------------------+-------+-------++-------
Melee: War axe           |    66 |    86 ||   152
 Abil: Heal Wounds       |     2 |     4 ||     6
Armor: Scale mail        |    21 |    78 ||    99
Dodge: Dodged            |    23 |    59 ||    82
Block: Kite shield       |    28 |    65 ||    93

Table legend: (Time is in decaauts)
 A = Elapsed time spent in this place.
 B = Non-inter-level travel time spent in this place.
 C = Inter-level travel time spent in this place.
 D = Time resting spent in this place.
 E = Time spent auto-exploring this place.
 F = Levels seen in this place.
 G = Mean time per level.
                   A        B        C        D        E       F      G
               +--------+--------+--------+--------+--------+-----+--------+
         Total |    778 |    651 |    127 |      0 |    321 |   3 |  259.3 |
       Dungeon |    778 |    651 |    127 |      0 |    321 |   3 |  259.3 |
               +--------+--------+--------+--------+--------+-----+--------+

Top non-repeatable levels by time:
     D:1: 385 daAuts
     D:2: 264 daAuts
     D:3: 128 daAuts
